 Dungeon Crawl Stone Soup version 0.29-a0-961-gfab03dca74 (webtiles) character file.

Game seed: 17085889517819540745

166 Elmgren the Stinger (level 5, -1/37 HPs)
             Began as a Gnoll Venom Mage on July 30, 2022.
             Splashed by a jelly's acid (11 damage)
             ... on level 3 of the Dungeon.
             The game lasted 00:06:55 (4453 turns).

Elmgren the Stinger (Gnoll Venom Mage)              Turns: 4453, Time: 00:06:55

Health: -1/37      AC: -1    Str:  7    XL:     5   Next: 47%
Magic:  0/12       EV: 17    Int: 17    God:
Gold:   172        SH:  0    Dex: 12    Spells: 11/14 levels left

rFire   . . .      SeeInvis .   e - +1 dagger (venom)
rCold   . . .      Faith    .   (no shield)
rNeg    . . .      Spirit   .   a - +0 robe
rPois   .          Reflect  .   (no helmet)
rElec   .          Harm     .   (no cloak)
rCorr   .          Rampage  .   (no gloves)
Will    .....                   (no boots)
Stlth   +++.......              (no amulet)
HPRegen 0.12/turn               k - +4 ring of evasion
MPRegen 0.13/turn               (no ring)

@: corroded
A: fangs 1, strong nose, distributed training
a: no special abilities


You were on level 3 of the Dungeon.
You visited 1 branch of the dungeon, and saw 3 of its levels.

You collected 172 gold pieces.

Inventory:

Hand Weapons
 d - a +0 dagger
 e - a +1 dagger of venom (weapon)
Armour
 a - a +0 robe (worn)
Jewellery
 c - a +6 ring of strength
 i - an amulet of faith
 k - a +4 ring of evasion (left hand)
 o - a ring of resist corrosion
Scrolls
 j - a scroll of identify
 l - a scroll of summoning
Potions
 b - 2 potions of magic
 f - a potion of attraction
 g - a potion of curing
 h - a potion of degeneration {unknown}


   Skills:
 + Level 1.6 Fighting
 + Level 1.6 Short Blades
 + Level 1.6 Long Blades
 + Level 1.6 Axes
 + Level 1.6 Maces & Flails
 + Level 1.6 Polearms
 + Level 1.6 Staves
 + Level 1.6 Ranged Weapons
 + Level 1.6 Throwing
 + Level 1.6 Armour
 + Level 4.8 Dodging
 + Level 4.4 Stealth
 + Level 1.6 Shields
 + Level 1.6 Unarmed Combat
 + Level 5.2 Spellcasting
 + Level 1.2 Conjurations
 + Level 1.2 Hexes
 + Level 1.2 Summonings
 + Level 1.2 Necromancy
 + Level 1.2 Translocations
 + Level 2.4 Transmutations
 + Level 1.2 Fire Magic
 + Level 1.2 Ice Magic
 + Level 1.2 Air Magic
 + Level 1.2 Earth Magic
 + Level 5.5 Poison Magic
 + Level 1.8 Invocations
 + Level 1.6 Evocations


You had 11 spell levels left.
You knew the following spells:

 Your Spells              Type           Power      Damage    Failure   Level
a - Sting                 Tmut/Pois      72%        1d6       2%          1
b - Poisonous Vapours     Pois/Air       32%        N/A       5%          2

Your spell library contained the following spells:

 Spells                   Type           Power      Damage    Failure   Level
 Passwall                 Tmut/Erth      8%         N/A       10%         2
 Ensorcelled Hibernation  Hex/Ice        16%        N/A       12%         2
 Mephitic Cloud           Conj/Pois/Air  13%        N/A       14%         3
 Olgreb's Toxic Radiance  Pois           23%        N/A       14%         4
 Swiftness                Air            8%         N/A       24%         3


Dungeon Overview and Level Annotations

Branches:
Dungeon (3/15) Zot: 13546

Altars:

Shops:
D:2 [


Innate Abilities, Weirdness & Mutations

You have very sharp teeth.
Your uncanny sense of smell can sniff out nearby items.
Your experience applies equally to all skills.


Message History

Confirm with . or Enter, or press ? or * to list all spells.
Aiming: Sting (safe; 2% risk of failure)
Press: ? - help, Shift-Dir - straight line, f/p - jelly
Aim: a jelly (moderately wounded, 100% to hit)
The sting hits the jelly.
The jelly partially resists.
The jelly is moderately wounded.
The jelly misses you.
Casting: Sting (safe; 2% risk of failure)
Confirm with . or Enter, or press ? or * to list all spells.
Aiming: Sting (safe; 2% risk of failure)
Press: ? - help, Shift-Dir - straight line, f/p - jelly
Aim: a jelly (moderately wounded, 100% to hit)
The sting hits the jelly.
The jelly partially resists.
The jelly is heavily wounded.
The jelly hits you.
You are splashed with acid!
Casting: Sting (safe; 2% risk of failure)
Confirm with . or Enter, or press ? or * to list all spells.
Aiming: Sting (safe; 2% risk of failure)
Press: ? - help, Shift-Dir - straight line, f/p - jelly
Aim: a jelly (heavily wounded, 100% to hit)
The sting hits the jelly.
The jelly partially resists.
The jelly is poisoned.
The jelly is severely wounded.
The jelly hits you but does no damage.
Casting: Sting (safe; 2% risk of failure)
Confirm with . or Enter, or press ? or * to list all spells.
Aiming: Sting (safe; 2% risk of failure)
Press: ? - help, Shift-Dir - straight line, f/p - jelly
Aim: a jelly (severely wounded, poisoned, 100% to hit)
The sting hits the jelly.
The jelly partially resists.
The jelly is severely wounded.
The jelly closely misses you.
Casting: Sting (safe; 2% risk of failure)
Confirm with . or Enter, or press ? or * to list all spells.
Aiming: Sting (safe; 2% risk of failure)
Press: ? - help, Shift-Dir - straight line, f/p - jelly
Aim: a jelly (severely wounded, poisoned, 100% to hit)
The sting hits the jelly.
The jelly partially resists.
The jelly is severely wounded.
The jelly hits you. The acid corrodes you!
You are splashed with acid!
You die...

#. .# ### ##.
.# P..##..#.#
≈PP≈.#.#
≈≈≈.#.#
♣♣P... ♣≈≈PJ#
♣♣♣♣♣≈P@#
P≈♣≈≈♣≈≈..#
≈≈P≈P≈P≈..#
#.≈.P≈..##
##.P.#...##
###.#....####
. #.......# #
#...##..+
#....#..+ ∆∆


You could see a jelly (poisoned).

Vanquished Creatures
  Natasha (thrice) (D:2)
  Terence (D:2)
  2 adders (D:2)
  2 worms (D:2)
  2 dart slugs
  3 ball pythons
  5 endoplasms
  A giant cockroach (D:1)
  3 goblins (D:1)
  3 hobgoblins
  4 jackals (D:2)
  2 bats
  A frilled lizard (D:2)
  4 kobolds
  5 rats
41 creatures vanquished.

Notes
Turn   | Place    | Note
-------+----------+-------------------------------------------
     0 | D:1      | Elmgren the Gnoll Venom Mage began the quest for the Orb.
     0 | D:1      | Reached XP level 1. HP: 13/13 MP: 6/6
   262 | D:1      | Reached XP level 2. HP: 19/19 MP: 3/7
  1036 | D:1      | Found a faded altar of an unknown god.
  1835 | D:2      | Noticed Natasha
  1960 | D:2      | Killed Natasha
  1961 | D:2      | Reached skill level 5 in Spellcasting
  1961 | D:2      | Reached skill level 1 in Invocations
  1961 | D:2      | Reached XP level 3. HP: 5/25 MP: 2/9
  2304 | D:2      | Learned a level 2 spell: Poisonous Vapours
  2357 | D:2      | Reached skill level 1 in Fighting
  2357 | D:2      | Reached skill level 1 in Short Blades
  2357 | D:2      | Reached skill level 1 in Long Blades
  2357 | D:2      | Reached skill level 1 in Axes
  2357 | D:2      | Reached skill level 1 in Maces & Flails
  2357 | D:2      | Reached skill level 1 in Polearms
  2357 | D:2      | Reached skill level 1 in Staves
  2357 | D:2      | Reached skill level 1 in Ranged Weapons
  2357 | D:2      | Reached skill level 1 in Throwing
  2357 | D:2      | Reached skill level 1 in Armour
  2357 | D:2      | Reached skill level 1 in Shields
  2357 | D:2      | Reached skill level 1 in Unarmed Combat
  2357 | D:2      | Reached skill level 1 in Evocations
  2505 | D:2      | Found Laili's Antique Armour Boutique.
  2510 | D:2      | Noticed Terence
  2527 | D:2      | Killed Terence
  2528 | D:2      | Reached XP level 4. HP: 32/32 MP: 6/11
  2645 | D:2      | Reached skill level 1 in Conjurations
  2645 | D:2      | Reached skill level 1 in Hexes
  2645 | D:2      | Reached skill level 1 in Summonings
  2645 | D:2      | Reached skill level 1 in Necromancy
  2645 | D:2      | Reached skill level 1 in Translocations
  2645 | D:2      | Reached skill level 1 in Fire Magic
  2645 | D:2      | Reached skill level 1 in Ice Magic
  2645 | D:2      | Reached skill level 1 in Air Magic
  2645 | D:2      | Reached skill level 1 in Earth Magic
  3441 | D:2      | Noticed Natasha
  3452 | D:2      | Killed Natasha
  3453 | D:2      | Reached XP level 5. HP: 28/37 MP: 6/12
  4317 | D:2      | Noticed Natasha
  4322 | D:2      | Killed Natasha
  4453 | D:3      | Splashed by a jelly's acid

Illustrated notes

Levels and vault maps discovered:
D:1:      erik_arrival_orb_chamber, layout_basic,
          shapermc_ecumenical_altar_totnotflames, kennysheep_crisscross,
          minmay_fountain_box
D:2:      layout_basic, serial_shops, nicolae_shop_trees,
          kennysheep_cluttered_room, minmay_indecisive_spiral, uniq_terence,
          uniq_natasha
D:3:      layout_rooms, kennysheep_ying_yang,
          mainiacjoe_overflow_six_doors_small, serial_bayou,
          serial_bayou_pond_c, serial_bayou_crossing, serial_bayou_lagoon_b,
          kennysheep_generic_room_7

Skill      XL: |  1  2  3  4 |
---------------+-------------+-----
Transmutations | 2 |  2.4
Spellcasting   | 5 |  5.2
Invocations    | 1 |  1.8
Fighting       | 1 |  1.6
Short Blades   | 1 |  1.6
Long Blades    | 1 |  1.6
Axes           | 1 |  1.6
Maces & Flails | 1 |  1.6
Polearms       | 1 |  1.6
Staves         | 1 |  1.6
Ranged Weapons | 1 |  1.6
Throwing       | 1 |  1.6
Armour         | 1 |  1.6
Shields        | 1 |  1.6
Unarmed Combat | 1 |  1.6
Evocations     | 1 |  1.6
Conjurations   | 1 |  1.2
Hexes          | 1 |  1.2
Summonings     | 1 |  1.2
Necromancy     | 1 |  1.2
Translocations | 1 |  1.2
Fire Magic     | 1 |  1.2
Ice Magic      | 1 |  1.2
Air Magic      | 1 |  1.2
Earth Magic    | 1 |  1.2
Dodging        | |  4.8
Stealth        | |  4.4
Poison Magic   | |  5.5

Action                   |  1- 3 |  4- 6 || total
-------------------------+-------+-------++-------
Melee: Dagger            |       |     1 ||     1
 Cast: Sting             |    33 |    59 ||    92
       Poisonous Vapours |       |     4 ||     4
  Use: Potion            |     2 |     3 ||     5
       Scroll            |     1 |     2 ||     3
Armor: Robe              |     4 |     4 ||     8
Dodge: Dodged            |    12 |    35 ||    47

Table legend: (Time is in decaauts)
 A = Elapsed time spent in this place.
 B = Non-inter-level travel time spent in this place.
 C = Inter-level travel time spent in this place.
 D = Time resting spent in this place.
 E = Time spent auto-exploring this place.
 F = Levels seen in this place.
 G = Mean time per level.
                   A        B        C        D        E       F      G
               +--------+--------+--------+--------+--------+-----+--------+
         Total |   4452 |   4323 |    129 |   2407 |   1492 |   3 | 1484.0 |
       Dungeon |   4452 |   4323 |    129 |   2407 |   1492 |   3 | 1484.0 |
               +--------+--------+--------+--------+--------+-----+--------+

Top non-repeatable levels by time:
     D:2: 2528 daAuts
     D:1: 1883 daAuts
     D:3: 39 daAuts
